Unix NetHack Version 3.7.0-66 Work-in-progress - last build Nov 25 2022 02:21:47 (a67c8fbd212c6e9cfe3af09653023564b5ba1bad,branch:master).

Game began 2022-12-02 08:07:06, ended 2022-12-02 13:15:49.

elenmirie, neutral female gnomish Ranger

  
unexplored area
unexplored area
unexplored area
unexplored area
unexplored area
unexplored area
unexplored area
unexplored area
unexplored area
unexplored area
unexplored area
unexplored area
unexplored area
unexplored area
unexplored area
unexplored area
unexplored area
unexplored area
unexplored area
unexplored area
unexplored area
unexplored area
unexplored area
unexplored area
unexplored area
unexplored area
unexplored area
unexplored area
unexplored area
unexplored area
unexplored area
unexplored area
unexplored area
unexplored area
unexplored area
unexplored area
unexplored area
unexplored area
unexplored area
unexplored area
unexplored area
unexplored area
unexplored area
unexplored area
unexplored area
unexplored area
unexplored area
unexplored area
unexplored area
unexplored area
unexplored area
unexplored area
unexplored area
unexplored area
unexplored area
unexplored area
unexplored area
unexplored area
unexplored area
unexplored area
unexplored area
unexplored area
unexplored area
unexplored area
unexplored area
unexplored area
unexplored area
unexplored area
unexplored area
unexplored area
unexplored area
unexplored area
unexplored area
unexplored area
unexplored area
unexplored area
unexplored area
unexplored area
unexplored area
unexplored area
unexplored area
unexplored area
unexplored area
unexplored area
unexplored area
unexplored area
unexplored area
unexplored area
unexplored area
unexplored area
unexplored area
unexplored area
unexplored area
unexplored area
unexplored area
unexplored area
unexplored area
unexplored area
unexplored area
unexplored area
unexplored area
unexplored area
unexplored area
wall
wall
wall
wall
wall
wall
wall
wall
wall
wall
wall
wall
wall
wall
wall
wall
wall
wall
wall
wall
wall
wall
wall
wall
wall
wall
wall
wall
wall
wall
wall
wall
wall
unexplored area
unexplored area
stone
stone
stone
stone
stone
stone
stone
stone
wall
wall
wall
wall
wall
unexplored area
unexplored area
unexplored area
unexplored area
unexplored area
unexplored area
unexplored area
unexplored area
unexplored area
unexplored area
unexplored area
unexplored area
unexplored area
unexplored area
unexplored area
unexplored area
unexplored area
unexplored area
unexplored area
unexplored area
unexplored area
unexplored area
unexplored area
unexplored area
unexplored area
unexplored area
unexplored area
unexplored area
unexplored area
unexplored area
unexplored area
wall
.dark part of a room
.dark part of a room
.dark part of a room
.dark part of a room
.dark part of a room
.dark part of a room
.dark part of a room
.dark part of a room
.dark part of a room
.dark part of a room
.dark part of a room
.dark part of a room
.dark part of a room
.dark part of a room
.dark part of a room
.dark part of a room
.dark part of a room
.dark part of a room
)a crude dagger
.dark part of a room
.dark part of a room
.dark part of a room
.dark part of a room
.dark part of a room
.dark part of a room
.dark part of a room
.dark part of a room
.dark part of a room
.dark part of a room
.dark part of a room
.dark part of a room
wall
unexplored area
unexplored area
stone
corridor
corridor
corridor
corridor
corridor
corridor
corridor
.doorway
.dark part of a room
.dark part of a room
.dark part of a room
wall
unexplored area
unexplored area
unexplored area
unexplored area
unexplored area
unexplored area
unexplored area
unexplored area
unexplored area
unexplored area
unexplored area
unexplored area
unexplored area
unexplored area
unexplored area
unexplored area
unexplored area
unexplored area
unexplored area
unexplored area
unexplored area
unexplored area
unexplored area
unexplored area
unexplored area
unexplored area
unexplored area
unexplored area
unexplored area
unexplored area
unexplored area
wall
.dark part of a room
wall
wall
wall
wall
wall
wall
wall
wall
wall
wall
wall
wall
wall
wall
wall
.dark part of a room
wall
wall
wall
wall
wall
wall
wall
wall
wall
wall
wall
.dark part of a room
.dark part of a room
.dark part of a room
wall
unexplored area
unexplored area
stone
stone
stone
stone
stone
stone
stone
stone
wall
.dark part of a room
.dark part of a room
.dark part of a room
wall
unexplored area
unexplored area
unexplored area
unexplored area
unexplored area
unexplored area
unexplored area
unexplored area
unexplored area
unexplored area
unexplored area
unexplored area
unexplored area
unexplored area
unexplored area
unexplored area
unexplored area
unexplored area
unexplored area
unexplored area
unexplored area
unexplored area
unexplored area
unexplored area
unexplored area
unexplored area
unexplored area
unexplored area
unexplored area
unexplored area
unexplored area
+closed door
.dark part of a room
wall
)a long sword
%a tin
.dark part of a room
.dark part of a room
wall
unexplored area
unexplored area
unexplored area
wall
]strange object
(some candles
.dark part of a room
.dark part of a room
wall
.dark part of a room
wall
unexplored area
unexplored area
unexplored area
unexplored area
wall
(a pick-axe
(a looking glass
(a chest
.dark part of a room
wall
.dark part of a room
.dark part of a room
.dark part of a room
wall
unexplored area
unexplored area
unexplored area
unexplored area
unexplored area
unexplored area
unexplored area
unexplored area
unexplored area
unexplored area
wall
.dark part of a room
.dark part of a room
.dark part of a room
wall
unexplored area
unexplored area
unexplored area
unexplored area
unexplored area
unexplored area
unexplored area
unexplored area
unexplored area
unexplored area
unexplored area
unexplored area
unexplored area
unexplored area
unexplored area
unexplored area
unexplored area
unexplored area
unexplored area
unexplored area
unexplored area
unexplored area
unexplored area
unexplored area
unexplored area
unexplored area
unexplored area
unexplored area
unexplored area
unexplored area
unexplored area
wall
.dark part of a room
wall
.dark part of a room
!a potion called 50 bb
)a two-handed sword
.dark part of a room
wall
unexplored area
unexplored area
unexplored area
wall
(a candle
(a candle called tallow
(a lamp called oil
.dark part of a room
%a hill orc corpse
.dark part of a room
wall
unexplored area
unexplored area
unexplored area
unexplored area
wall
(a pick-axe
(a blindfold
.dark part of a room
.dark part of a room
-open door
.dark part of a room
.dark part of a room
.dark part of a room
wall
unexplored area
unexplored area
unexplored area
unexplored area
unexplored area
unexplored area
stone
stone
stone
stone
wall
.dark part of a room
.dark part of a room
.dark part of a room
wall
unexplored area
unexplored area
unexplored area
unexplored area
unexplored area
unexplored area
unexplored area
unexplored area
unexplored area
unexplored area
unexplored area
unexplored area
unexplored area
unexplored area
unexplored area
unexplored area
unexplored area
unexplored area
unexplored area
unexplored area
unexplored area
unexplored area
unexplored area
unexplored area
unexplored area
unexplored area
unexplored area
unexplored area
unexplored area
unexplored area
unexplored area
wall
.dark part of a room
-open door
.dark part of a room
]strange object
?a scroll called 100 ela
?a scroll called scare
wall
unexplored area
unexplored area
unexplored area
wall
(a candle
(a lamp called oil
.dark part of a room
(a candle called wax
wall
.dark part of a room
+closed door
unexplored area
unexplored area
unexplored area
unexplored area
wall
(a blindfold
(a whistle
(a whistle called tin
.dark part of a room
wall
.dark part of a room
.dark part of a room
.dark part of a room
wall
unexplored area
unexplored area
unexplored area
unexplored area
unexplored area
stone
stone
corridor
corridor
corridor
.doorway
.dark part of a room
.dark part of a room
.dark part of a room
wall
unexplored area
unexplored area
unexplored area
unexplored area
unexplored area
unexplored area
unexplored area
unexplored area
unexplored area
unexplored area
unexplored area
unexplored area
unexplored area
unexplored area
unexplored area
unexplored area
unexplored area
unexplored area
unexplored area
unexplored area
unexplored area
unexplored area
unexplored area
unexplored area
unexplored area
unexplored area
unexplored area
unexplored area
unexplored area
unexplored area
unexplored area
wall
.dark part of a room
wall
wall
wall
wall
wall
wall
wall
+closed door
wall
wall
wall
wall
wall
wall
wall
.dark part of a room
wall
wall
wall
wall
wall
wall
wall
wall
wall
wall
wall
.dark part of a room
.dark part of a room
.dark part of a room
wall
unexplored area
unexplored area
unexplored area
unexplored area
unexplored area
stone
corridor
corridor
stone
stone
wall
wall
wall
.broken door
wall
unexplored area
unexplored area
unexplored area
unexplored area
unexplored area
unexplored area
unexplored area
unexplored area
unexplored area
unexplored area
unexplored area
unexplored area
unexplored area
unexplored area
unexplored area
unexplored area
unexplored area
unexplored area
unexplored area
unexplored area
unexplored area
unexplored area
unexplored area
unexplored area
unexplored area
unexplored area
unexplored area
unexplored area
unexplored area
unexplored area
unexplored area
wall
.dark part of a room
.dark part of a room
.dark part of a room
.dark part of a room
.dark part of a room
.dark part of a room
.dark part of a room
.dark part of a room
.dark part of a room
.dark part of a room
.dark part of a room
.dark part of a room
.dark part of a room
fountain
.dark part of a room
.dark part of a room
.dark part of a room
.dark part of a room
wall
.dark part of a room
.dark part of a room
.dark part of a room
.dark part of a room
wall
%a fortune cookie
.dark part of a room
%a tin
wall
(a looking glass
.dark part of a room
.dark part of a room
wall
unexplored area
unexplored area
unexplored area
unexplored area
unexplored area
stone
corridor
stone
unexplored area
unexplored area
stone
corridor
corridor
corridor
stone
unexplored area
unexplored area
unexplored area
unexplored area
unexplored area
unexplored area
unexplored area
unexplored area
unexplored area
unexplored area
unexplored area
unexplored area
unexplored area
unexplored area
unexplored area
unexplored area
unexplored area
unexplored area
unexplored area
unexplored area
unexplored area
unexplored area
unexplored area
unexplored area
unexplored area
unexplored area
unexplored area
unexplored area
unexplored area
unexplored area
unexplored area
wall
.dark part of a room
wall
wall
wall
wall
wall
|open door
wall
.dark part of a room
.dark part of a room
.dark part of a room
.dark part of a room
.dark part of a room
.dark part of a room
.dark part of a room
.dark part of a room
.dark part of a room
[an iron skull cap
wall
.dark part of a room
.dark part of a room
_lawful altar
*2 uncursed green gems
wall
!a potion called 50 bb
%a food ration
.dark part of a room
wall
.dark part of a room
.dark part of a room
.dark part of a room
wall
unexplored area
unexplored area
unexplored area
unexplored area
unexplored area
stone
corridor
stone
unexplored area
unexplored area
stone
corridor
stone
stone
stone
unexplored area
unexplored area
unexplored area
unexplored area
unexplored area
unexplored area
unexplored area
unexplored area
unexplored area
unexplored area
unexplored area
unexplored area
unexplored area
unexplored area
unexplored area
unexplored area
unexplored area
unexplored area
unexplored area
unexplored area
unexplored area
unexplored area
unexplored area
unexplored area
unexplored area
unexplored area
unexplored area
unexplored area
unexplored area
unexplored area
unexplored area
wall
.dark part of a room
wall
.dark part of a room
.dark part of a room
wall
.dark part of a room
.dark part of a room
wall
.dark part of a room
.dark part of a room
.dark part of a room
.dark part of a room
.dark part of a room
.dark part of a room
.dark part of a room
.dark part of a room
.dark part of a room
.dark part of a room
wall
.dark part of a room
.dark part of a room
.dark part of a room
.dark part of a room
wall
%a candy bar
(an ice box containing 9 items
.dark part of a room
wall
.dark part of a room
.dark part of a room
.dark part of a room
wall
unexplored area
unexplored area
unexplored area
unexplored area
unexplored area
stone
corridor
stone
stone
stone
stone
corridor
stone
unexplored area
unexplored area
unexplored area
unexplored area
unexplored area
unexplored area
unexplored area
unexplored area
unexplored area
unexplored area
unexplored area
unexplored area
unexplored area
unexplored area
unexplored area
unexplored area
unexplored area
unexplored area
unexplored area
unexplored area
unexplored area
unexplored area
unexplored area
unexplored area
unexplored area
unexplored area
unexplored area
unexplored area
unexplored area
unexplored area
unexplored area
unexplored area
unexplored area
wall
.dark part of a room
wall
.dark part of a room
.dark part of a room
wall
.dark part of a room
.dark part of a room
wall
.floor of a room
.floor of a room
.floor of a room
.floor of a room
.dark part of a room
.dark part of a room
.dark part of a room
.dark part of a room
.dark part of a room
fountain
wall
.floor of a room
.dark part of a room
.dark part of a room
.dark part of a room
wall
%a tin
.dark part of a room
.dark part of a room
wall
.dark part of a room
.dark part of a room
.dark part of a room
wall
unexplored area
unexplored area
unexplored area
stone
stone
stone
corridor
stone
stone
corridor
corridor
corridor
stone
unexplored area
unexplored area
unexplored area
unexplored area
unexplored area
unexplored area
unexplored area
unexplored area
unexplored area
unexplored area
unexplored area
unexplored area
unexplored area
unexplored area
unexplored area
unexplored area
unexplored area
unexplored area
unexplored area
unexplored area
unexplored area
unexplored area
unexplored area
unexplored area
unexplored area
unexplored area
unexplored area
unexplored area
unexplored area
unexplored area
unexplored area
unexplored area
unexplored area
wall
.dark part of a room
wall
|open door
wall
wall
wall
wall
wall
.floor of a room
.floor of a room
.floor of a room
.floor of a room
.floor of a room
.floor of a room
.floor of a room
)a crude dagger
[an iron skull cap
)a curved sword
wall
|open door
wall
wall
wall
wall
|open door
wall
wall
wall
.dark part of a room
.dark part of a room
.dark part of a room
wall
unexplored area
unexplored area
unexplored area
stone
corridor
corridor
corridor
stone
stone
corridor
stone
stone
unexplored area
unexplored area
unexplored area
unexplored area
unexplored area
unexplored area
unexplored area
unexplored area
unexplored area
unexplored area
unexplored area
unexplored area
unexplored area
unexplored area
unexplored area
unexplored area
unexplored area
unexplored area
unexplored area
unexplored area
unexplored area
unexplored area
unexplored area
unexplored area
unexplored area
unexplored area
unexplored area
unexplored area
unexplored area
unexplored area
unexplored area
unexplored area
unexplored area
unexplored area
wall
.floor of a room
.floor of a room
.floor of a room
.floor of a room
.floor of a room
.floor of a room
.floor of a room
.floor of a room
.floor of a room
.floor of a room
.floor of a room
.floor of a room
.floor of a room
.floor of a room
.floor of a room
.floor of a room
.floor of a room
.floor of a room
.floor of a room
.floor of a room
@gnomish ranger called elenmirie
.floor of a room
%a hill orc corpse
.floor of a room
ohill orc
)2 uncursed +2 crossbow bolts
)2 uncursed +2 crossbow bolts
.floor of a room
.floor of a room
.floor of a room
.floor of a room
wall
corridor
stone
stone
stone
corridor
stone
stone
stone
stone
corridor
stone
unexplored area
unexplored area
unexplored area
unexplored area
unexplored area
unexplored area
unexplored area
unexplored area
unexplored area
unexplored area
unexplored area
unexplored area
unexplored area
unexplored area
stone
stone
stone
stone
stone
stone
stone
stone
unexplored area
unexplored area
unexplored area
unexplored area
unexplored area
unexplored area
unexplored area
unexplored area
unexplored area
unexplored area
unexplored area
unexplored area
unexplored area
wall
.dark part of a room
.dark part of a room
.dark part of a room
.dark part of a room
wall
wall
|open door
wall
wall
wall
wall
.dark part of a room
.dark part of a room
.dark part of a room
.dark part of a room
wall
wall
wall
wall
|open door
wall
wall
wall
|open door
wall
wall
wall
wall
.dark part of a room
.dark part of a room
.dark part of a room
wall
corridor
corridor
corridor
corridor
corridor
stone
stone
corridor
corridor
corridor
stone
unexplored area
unexplored area
unexplored area
unexplored area
unexplored area
unexplored area
unexplored area
unexplored area
unexplored area
unexplored area
unexplored area
unexplored area
unexplored area
unexplored area
stone
corridor
corridor
corridor
corridor
corridor
corridor
stone
unexplored area
unexplored area
unexplored area
unexplored area
unexplored area
unexplored area
unexplored area
unexplored area
unexplored area
unexplored area
unexplored area
unexplored area
unexplored area
wall
.dark part of a room
.dark part of a room
.dark part of a room
.dark part of a room
wall
.dark part of a room
.dark part of a room
wall
unexplored area
unexplored area
wall
.dark part of a room
.dark part of a room
.dark part of a room
.dark part of a room
-open door
.dark part of a room
.dark part of a room
wall
.floor of a room
.dark part of a room
unexplored area
.dark part of a room
.dark part of a room
wall
unexplored area
unexplored area
+closed door
.dark part of a room
.dark part of a room
.dark part of a room
.doorway
corridor
stone
stone
stone
wall
wall
wall
|open door
wall
wall
wall
wall
wall
wall
unexplored area
unexplored area
unexplored area
unexplored area
unexplored area
unexplored area
unexplored area
unexplored area
unexplored area
wall
wall
wall
.doorway
wall
wall
wall
wall
corridor
stone
unexplored area
unexplored area
unexplored area
unexplored area
unexplored area
unexplored area
unexplored area
unexplored area
unexplored area
unexplored area
unexplored area
unexplored area
unexplored area
wall
.dark part of a room
.dark part of a room
.dark part of a room
.dark part of a room
wall
)a vulgar polearm
.dark part of a room
wall
unexplored area
.dark part of a room
-open door
.dark part of a room
.dark part of a room
.dark part of a room
.dark part of a room
wall
.dark part of a room
.dark part of a room
wall
.dark part of a room
.dark part of a room
wall
.dark part of a room
.dark part of a room
wall
unexplored area
unexplored area
wall
.dark part of a room
.dark part of a room
.dark part of a room
wall
corridor
stone
stone
stone
wall
.dark part of a room
.dark part of a room
.dark part of a room
.dark part of a room
.dark part of a room
>staircase down
.dark part of a room
.dark part of a room
wall
unexplored area
unexplored area
unexplored area
unexplored area
unexplored area
unexplored area
unexplored area
unexplored area
unexplored area
wall
.dark part of a room
.dark part of a room
<staircase up
.dark part of a room
.dark part of a room
.dark part of a room
wall
corridor
corridor
stone
stone
stone
stone
stone
stone
stone
stone
stone
stone
stone
stone
corridor
wall
wall
wall
wall
wall
wall
wall
wall
wall
wall
wall
wall
wall
wall
wall
wall
wall
wall
wall
wall
wall
wall
wall
wall
wall
wall
stone
stone
wall
wall
wall
wall
wall
corridor
corridor
corridor
corridor
-open door
.dark part of a room
.dark part of a room
.dark part of a room
.dark part of a room
.dark part of a room
.dark part of a room
.dark part of a room
.dark part of a room
wall
unexplored area
unexplored area
unexplored area
unexplored area
unexplored area
unexplored area
unexplored area
unexplored area
unexplored area
wall
.dark part of a room
.dark part of a room
.remembered, unseen, creature
.dark part of a room
.dark part of a room
.dark part of a room
+closed door
corridor
corridor
corridor
corridor
corridor
corridor
corridor
corridor
corridor
corridor
corridor
corridor
corridor
corridor
corridor
corridor
corridor
corridor
corridor
corridor
corridor
corridor
corridor
corridor
corridor
corridor
corridor
corridor
corridor
corridor
corridor
corridor
corridor
corridor
corridor
corridor
corridor
corridor
corridor
corridor
corridor
corridor
corridor
corridor
corridor
corridor
corridor
corridor
corridor
corridor
stone
stone
wall
.dark part of a room
.dark part of a room
.dark part of a room
.dark part of a room
.dark part of a room
.dark part of a room
.dark part of a room
.dark part of a room
wall
unexplored area
unexplored area
unexplored area
unexplored area
unexplored area
unexplored area
unexplored area
unexplored area
unexplored area
wall
wall
wall
wall
wall
wall
wall
wall
stone
stone
stone
stone
stone
stone
stone
stone
stone
stone
stone
stone
stone
stone
stone
stone
stone
stone
stone
stone
stone
stone
stone
stone
stone
stone
stone
stone
stone
stone
stone
stone
stone
stone
stone
stone
stone
stone
stone
stone
stone
stone
stone
stone
stone
stone
stone
stone
stone
stone
stone
unexplored area
wall
wall
wall
wall
wall
wall
wall
wall
wall
wall
unexplored area
unexplored area
unexplored area
unexplored area
unexplored area
unexplored area
unexplored area
unexplored area
unexplored area
unexplored area
unexplored area
unexplored area
unexplored area
unexplored area
unexplored area
unexplored area
unexplored area
unexplored area
unexplored area
unexplored area
unexplored area
unexplored area
unexplored area
unexplored area
unexplored area
unexplored area
unexplored area
unexplored area
unexplored area
unexplored area
unexplored area
unexplored area
unexplored area
unexplored area
unexplored area
unexplored area
unexplored area
unexplored area
unexplored area
unexplored area
unexplored area
unexplored area
unexplored area
unexplored area
unexplored area
unexplored area
unexplored area
unexplored area
unexplored area
unexplored area
unexplored area
unexplored area
unexplored area
unexplored area
unexplored area
unexplored area
unexplored area
unexplored area
unexplored area
unexplored area
unexplored area
unexplored area
unexplored area
unexplored area
unexplored area
unexplored area
unexplored area
unexplored area
unexplored area
unexplored area
unexplored area
unexplored area
unexplored area
unexplored area
unexplored area
unexplored area
unexplored area
unexplored area
unexplored area
unexplored area
unexplored area
unexplored area
unexplored area
unexplored area
unexplored area
unexplored area
unexplored area
Elenmirie the Trailblazer St:17 Dx:9 Co:16 In:13 Wi:14 Ch:9 Neutral Dlvl:6 $:0 HP:0(40) Pw:27(27) AC:6 Xp:6/473 T:3751 Hungry

Latest messages:

Izchak seems uninterested.
k - a ruby potion.
The hill orc picks up a crude dagger.
The hill orc wields a crude dagger!
You hit the hill orc!
The hill orc thrusts her crude dagger.
The hill orc hits!
You kill the hill orc!
You find a large mimic.
You hit the large mimic!
The large mimic strikes at your displaced image and misses you!
You miss the large mimic.
You hit the large mimic!
You hit the large mimic!
Yermak bites the large mimic.
The large mimic misses Yermak.
You kill the large mimic!
Yermak eats a large mimic corpse.
You see a large cat appear where Yermak was!
You find Yermak.
You see here an iron skull cap.
a - an uncursed +1 dagger (weapon in hand).
b - an uncursed +1 crossbow (weapon in hand).
a - an uncursed +1 dagger (alternate weapon; not wielded).
In what direction? l
You shoot 2 crossbow bolts.
The 1st crossbow bolt hits the hill orc!
The 2nd crossbow bolt hits the hill orc!
You kill the hill orc!
The hill orc zaps a wand called mm!
The magic missile hits you!
You hear the howling of the CwnAnnwn...
In what direction? l
You shoot 2 crossbow bolts.
The 1st crossbow bolt hits the hill orc!
The 2nd crossbow bolt misses the hill orc.
The hill orc zaps a wand of magic missile!
The magic missile whizzes by you!
In what direction? l
You shoot 2 crossbow bolts.
The 1st crossbow bolt misses the hill orc.
The 2nd crossbow bolt hits the hill orc!
The hill orc zaps a wand of magic missile!
The magic missile hits you!
You die...
Do you want your possessions identified? [ynq] (y) y
Do you want to see your attributes? [ynq] (y) y
Do you want an account of creatures vanquished? [ynaq] (y) y
Do you want to see your conduct and achievements? [ynq] (y) y
Do you want to see the dungeon overview? [ynq] (y) y

Inventory:

Weapons

c - 38 uncursed +2 crossbow bolts (in quiver pouch)
d - 36 uncursed +0 crossbow bolts
b - an uncursed +1 crossbow (weapon in hand)
a - an uncursed +1 dagger (alternate weapon; not wielded)
L - an uncursed +1 dagger
G - 5 uncursed +0 daggers
p - an uncursed +1 elven dagger

Armor

Y - a cursed -1 helmet
q - an uncursed +0 pair of leather gloves (being worn)
U - an uncursed +0 pair of fumble boots
Z - an uncursed +0 pair of low boots
i - an uncursed +2 cloak of displacement (being worn)

Comestibles

f - 2 uncursed cram rations
P - an uncursed food ration
M - an uncursed tripe ration

Scrolls

j - an uncursed scroll of charging

Potions

k - a blessed potion of confusion

Rings

g - an uncursed ring of fire resistance
n - a cursed ring of polymorph

Wands

s - an uncursed wand of cold (0:5)
X - an uncursed wand of magic missile (0:7)

Tools

w - an uncursed oilskin sack containing 11 items
W - an uncursed brass lantern
e - an uncursed lock pick

Gems/Stones

h - an uncursed flint stone

Contents of the oilskin sack:

2371 gold pieces
an uncursed scroll of blank paper
an uncursed scroll of earth
an uncursed scroll of enchant armor
a blessed scroll of enchant weapon
an uncursed scroll of gold detection
an uncursed scroll of identify
an uncursed scroll of punishment
an uncursed scroll of teleportation
an uncursed potion of confusion
an uncursed potion of oil

Elenmirie the Ranger's attributes:


Background:

You were a Trailblazer, a level 6 female gnomish Ranger.
You were neutral, on a mission for Venus
who was opposed by Mercury (lawful) and Mars (chaotic).
You were in the Gnomish Mines, on level 6.
You entered the dungeon 3751 turns ago.
You had 473 experience points, 167 more were needed to attain level 7.

Basics:

You had 0 out of 40 hit points.
You had all 27 energy points (spell power).
Your armor class was 6.
Your wallet was empty, but
you had 2371 zorkmids stashed away in your pack.
Autopickup was on for '$' plus thrown.

Final Characteristics:

Your strength was 17 (limit:18/50).
Your dexterity was 9 (limit:18).
Your constitution was 16 (limit:18).
Your intelligence was 13 (limit:19).
Your wisdom was 14 (limit:18).
Your charisma was 9 (limit:18).

Final Status:

You were hungry.
You were unencumbered.
You were wielding a crossbow.
You had basic skill with crossbow.

Final Attributes:

You were piously aligned.
You were poison resistant.
You were telepathic.
You had automatic searching.
You had infravision.
You were displaced.
You were warded.
You are dead.

Miscellaneous:
You never encountered a bones level.
Total elapsed playing time was 59 minutes and 45 seconds.

Major events:

Turn

1: elenmirie the neutral female gnomish Ranger entered the dungeon
774: attained the rank of Lookout (level 3)
1098: read a Discworld novel
1702: entered the Gnomish Mines
2668: reached Mine Town
3631: attained the rank of Trailblazer (level 6)
3751: killed by a magic missile

Vanquished creatures:

a large mimic
a watchman
a housecat
a blue jelly
an imp
a water nymph
a rock piercer
a fog cloud
a violet fungus
a kobold mummy
3 gray oozes
5 giant ants
2 floating eyes
2 dwarves
a homunculus
a kobold leader
9 hill orcs
3 rothes
2 giant bats
a killer bee
3 hobbits
3 manes
4 giant rats
11 gnomes
4 geckos
11 jackals
a fox
a kobold
3 goblins
4 grid bugs
4 lichens
a kobold zombie
4 newts
93 creatures vanquished.
No species were genocided or became extinct.

Voluntary challenges:

You read items or engraved 4 times.
You never engraved Elbereth.
You never genocided any monsters.
You never polymorphed an object.
You never changed form.
You used no wishes.

Achievements:

You entered a shop.
You attained the rank of Lookout.
You read from a Discworld novel.
You entered the Gnomish Mines.
You entered Minetown.
You entered a temple.
You attained the rank of Trailblazer.

The Dungeons of Doom: levels 1 to 3

   Level 1:
Some fountains.
Level 2:
A weapon shop, a fountain.
Level 3:
A bookstore, a fountain.
Stairs down to The Gnomish Mines.

The Gnomish Mines: levels 4 to 6

   Level 4:
Level 5:
Level 6: <- You were here.
Many shops, a temple, some fountains.
Final resting place for
you, killed by a magic missile.

Game over:

----------
/ \
/ REST \
/ IN \
/ PEACE \
/ \
| elenmirie |
| 2371 Au |
| killed by a |
| magic missile |
| |
| |
| 2022 |
*| * * * | *
_________)/\\_//(\/(/\)/\//\/|_)_______

Goodbye elenmirie the Ranger...


You died in The Gnomish Mines on dungeon level 6 with 4276 points,
and 2371 pieces of gold, after 3751 moves.
You were level 6 with a maximum of 40 hit points when you died.